 Dungeon Crawl Stone Soup version 0.25-a0-890-g62861fb (webtiles) character file.

Game seed: 15239594467038694297, levelgen mode: deterministic

5063 Faca the Grappler (level 10, 0/107 HPs)
             Began as a Troll Fighter on May 8, 2020.
             Was a Priest of Okawaru.
             Slain by an ice beast (2 damage)
             ... summoned by Fannar
             ... on level 10 of the Dungeon.
             The game lasted 00:15:59 (7412 turns).

Faca the Grappler (Troll Fighter)                   Turns: 7412, Time: 00:16:00

Health: 0/107      AC:  9    Str: 29    XL:     10   Next: 31%
Magic:  9/9        EV:  6    Int:  4    God:    Okawaru [***...]
Gold:   859        SH: 14    Dex:  9    Spells: 9/9 levels left

rFire    . . .     SeeInvis .     - Unarmed
rCold    . . .     Gourm    +   v - +0 tower shield
rNeg     . . .     Faith    .   a - +0 robe
rPois    .         Spirit   .   (helmet restricted)
rElec    .         Reflect  .   r - +2 cloak
rCorr    .         Harm     .   (gloves unavailable)
MR       .....                  (boots unavailable)
Stlth    +.........             t - amulet of rage
HPRegen  0.67/turn              (no ring)
MPRegen  0.11/turn              (no ring)

@: about to teleport, lightly drained
A: large, unfitting armour, claws 3, fast metabolism 3, gourmand, regeneration
1, shaggy fur 1, tough skin 3
a: Heroism, Renounce Religion, Evoke Berserk Rage


You were on level 10 of the Dungeon.
You worshipped Okawaru.
Okawaru was most pleased with you.
You were completely stuffed.

You visited 2 branches of the dungeon, and saw 11 of its levels.

You collected 981 gold pieces.
You spent 122 gold pieces at shops.

Inventory:

Hand Weapons
 q - a +7 club
Missiles
 g - 13 atropa-tipped darts (quivered)
 i - 3 large rocks
 w - 2 javelins
 A - 10 boomerangs
Armour
 a - a +0 robe (worn)
 r - a +2 cloak (worn)
 v - a +0 tower shield (worn)
Jewellery
 l - an uncursed ring of fire
 t - an amulet of rage (around neck)
Wands
 y - a wand of acid (5)
 B - a wand of digging (7)
Scrolls
 b - 3 scrolls of identify
 e - 5 scrolls of enchant weapon
 k - 3 scrolls of remove curse
 n - a scroll of fog
 p - 5 scrolls of teleportation
 z - a scroll of enchant armour
Potions
 c - 2 potions of might
 h - a potion of lignification
 j - 2 potions of mutation
 m - a potion of flight
 o - 3 potions of curing
 s - 2 potions of haste
 u - a potion of berserk rage
Comestibles
 d - 20 rations
 x - 7 chunks of flesh


   Skills:
 + Level 9.4(9.1) Fighting
 - Level 2.4(2.1) Dodging
 + Level 2.6(2.4) Shields
 + Level 10.8(10.5) Unarmed Combat
 + Level 0.8(0.6) Invocations


You had 9 spell levels left.
You didn't know any spells.
Your spell library contained the following spells:

 Spells                   Type           Power        Failure   Level  Hunger
 Beastly Appendage        Tmut           #.....       100%        1    ##.....
 Corona                   Hex            #......      100%        1    ##.....
 Foxfire                  Conj/Fire      #...         100%        1    ##.....
 Ensorcelled Hibernation  Hex/Ice        #.....       100%        2    ###....
 Sticks to Snakes         Tmut           #.......     100%        2    ###....
 Confusing Touch          Hex            #.......     100%        3    ####...
 Conjure Flame            Conj/Fire      #.......     100%        3    ####...
 Dazzling Flash           Conj/Hex       #.....       100%        3    ####...
 Gell's Gravitas          Tloc           #.........   100%        3    ####...
 Inner Flame              Hex/Fire       #.......     100%        3    ####...
 Spider Form              Tmut/Pois      #.........   100%        3    ####...
 Tukima's Dance           Hex            #.......     100%        3    ####...
 Ice Form                 Ice/Tmut       #.......     100%        4    #####..
 Petrify                  Tmut/Erth      #.......     100%        4    #####..
 Sticky Flame             Conj/Fire      #.......     100%        4    #####..
 Blade Hands              Tmut           #.........   100%        5    ######.
 Fireball                 Conj/Fire      #.........   100%        5    ######.
 Metabolic Englaciation   Hex/Ice        #.........   100%        5    ######.
 Yara's Violent Unravell  Hex/Tmut       #.........   100%        5    ######.


Dungeon Overview and Level Annotations

Branches:
Dungeon (10/15)            Temple (1/1) D:6             Orc (0/2) D:9
   Lair: D:8-11

Altars:
Cheibriados
Dithmenos
Fedhas
Gozag
Kikubaaqudgha
Makhleb
Nemelex Xobeh
Okawaru
Qazlal
Ru
Sif Muna
Trog
Uskayaw
Vehumet
Yredelemnul

Shops:
D:4 :   D:6 [   D:9 !

Annotations:
D:10 Fannar


Innate Abilities, Weirdness & Mutations

You are too large for most types of armour.
You have claws for hands.
Your metabolism is lightning-fast.
You like to eat raw meat.
Your natural rate of healing is unusually fast.
You are covered in fur. (AC +1)
You have extremely tough skin. (AC +3)


Message History

You scratch the ice beast.
The ice beast is lightly wounded.
You block the ice beast's attack.
You closely miss the ice beast.
The ice beast is lightly wounded.
The ice beast barely misses you. You block the ice beast's attack.
You mangle the ice beast!!
The ice beast is almost dead.
You block the ice beast's attack. The ice beast closely misses you.
Fannar points at you and mumbles some strange words.
The bolt of cold hits the ice beast.
The ice beast completely resists.
The bolt of cold hits the ice beast.
The ice beast completely resists.
The bolt of cold hits you!!!
* * * LOW HITPOINT WARNING * * *
You claw the ice beast!
You kill the ice beast!
You block the ice beast's attack.
As you read the scroll of teleportation, it crumbles to dust.
You feel strangely unstable. The ice beast hits you.
You die...

......#†.).)..#.#.#.#.#.#
##.##.#.###.###.#.....#.#
.#.##.#.# #.#
#.###.###.##
.#.##...###.#
#..........#
.#.#........#
##....######
.[..........# #.####
)).#........# #.#
............# #Y#
.....##.###.# #@#
.......... ... #Y#
.....###.## ## #e# .....#
.. #.# .....≈ #.# ..≈≈≈≈≈
;.# ≈≈≈≈ r.#≈≈ .#...#≈


You could see Fannar, 2 ice beasts and an electric eel.

Vanquished Creatures
  A hornet (D:8)
  Sigmund (D:6)
  Menkaure (D:4)
  2 water moccasins
  5 orc warriors
  2 sky beasts
  An ice beast (D:6)
  2 phantoms
  A necrophage (D:6)
  5 ogres
  2 centaurs
  3 bullfrogs
  A gnoll sergeant (D:6)
  2 scorpions
  4 howler monkeys
  14 wights
  A centaur zombie (D:5)
  A crimson imp (D:5)
  4 jellies
  A quasit (D:9)
  3 hounds
  Crazy Yiuf (D:3)
  4 orc priests
  2 bullfrog skeletons
  A centaur skeleton (D:6)
  10 orc wizards
  Jessica (D:2)
  Terence (D:2)
  4 iguanas
  8 worker ants
  Natasha (thrice) (D:4)
  2 hound skeletons (D:4)
  A worker ant zombie (D:5)
  Robin (D:4)
  17 gnolls
  A howler monkey skeleton (D:4)
  7 adders
  A shadow imp (D:6)
  2 oozes
  2 adder skeletons
  8 leopard geckos
  40 orcs
  8 bats
  6 giant cockroaches
  22 goblins
  12 hobgoblins
  8 jackals
  5 quokkas
  A ball python (D:6)
  4 frilled lizards
  13 kobolds
  A leopard gecko zombie (D:6)
  A quokka zombie (D:6)
  11 rats
  A spectral orc (D:5)
267 creatures vanquished.

Notes
Turn   | Place    | Note
-------+----------+-------------------------------------------
     0 | D:1      | Faca the Troll Fighter began the quest for the Orb.
     0 | D:1      | Reached XP level 1. HP: 22/22 MP: 0/0
   102 | D:1      | Reached XP level 2. HP: 29/29 MP: 1/1
   363 | D:1      | Reached XP level 3. HP: 21/37 MP: 2/2
   424 | D:1      | Reached skill level 3 in Unarmed Combat
   888 | D:2      | Noticed Jessica
   900 | D:2      | Killed Jessica
   900 | D:2      | Reached XP level 4. HP: 45/45 MP: 3/3
  1213 | D:2      | Noticed Terence
  1220 | D:2      | Killed Terence
  1220 | D:2      | Reached XP level 5. HP: 51/54 MP: 4/4
  1315 | D:2      | Reached skill level 4 in Unarmed Combat
  1584 | D:3      | Found a shadowy altar of Dithmenos.
  1952 | D:3      | Found a snail-covered altar of Cheibriados.
  2117 | D:3      | Found a runed translucent door.
  2118 | D:3      | Noticed Crazy Yiuf
  2128 | D:3      | Killed Crazy Yiuf
  2317 | D:3      | Reached XP level 6. HP: 58/62 MP: 5/5
  2609 | D:4      | Reached skill level 5 in Unarmed Combat
  2669 | D:4      | Noticed Natasha
  2681 | D:4      | Killed Natasha
  2824 | D:4      | Noticed Robin
  2826 | D:4      | Noticed Menkaure
  2836 | D:4      | Killed Menkaure
  2836 | D:4      | Reached skill level 5 in Fighting
  2836 | D:4      | Reached XP level 7. HP: 48/72 MP: 6/6
  2839 | D:4      | Killed Robin
  2983 | D:4      | Found Loxat's Book Shoppe.
  2985 | D:4      | Reached skill level 6 in Unarmed Combat
  3144 | D:4      | Noticed Natasha
  3151 | D:4      | Killed Natasha
  3180 | D:4      | Noticed Natasha
  3185 | D:4      | Killed Natasha
  3213 | D:5      | Entered Level 5 of the Dungeon
  3345 | D:5      | Reached XP level 8. HP: 54/83 MP: 7/7
  3458 | D:5      | Reached skill level 7 in Unarmed Combat
  3798 | D:5      | Found a basalt altar of Yredelemnul.
  4125 | D:6      | Found Gastus's Antique Armour Emporium.
  4133 | D:6      | Bought a tower shield for 108 gold pieces
  4157 | D:6      | Found a staircase to the Ecumenical Temple.
  4181 | Temple   | Entered the Ecumenical Temple
  4209 | Temple   | Became a worshipper of Warmaster Okawaru
  4281 | D:6      | Found a burning altar of Makhleb.
  4281 | D:6      | Noticed a cacodemon
  4385 | D:6      | Reached skill level 8 in Unarmed Combat
  4545 | D:6      | Reached * piety under Okawaru
  4545 | D:6      | Reached XP level 9. HP: 73/93 MP: 8/8
  4846 | D:6      | Noticed Sigmund
  4852 | D:6      | Killed Sigmund
  4852 | D:6      | Reached skill level 9 in Unarmed Combat
  5152 | D:6      | Reached ** piety under Okawaru
  5348 | D:7      | Found a blossoming altar of Fedhas.
  5878 | D:8      | Reached skill level 10 in Unarmed Combat
  6219 | D:8      | Found a sparkling altar of Nemelex Xobeh.
  6467 | D:9      | Found Soikkys's Distillery.
  6533 | D:9      | Reached XP level 10. HP: 93/106 MP: 9/9
  6535 | D:9      | Bought a potion of degeneration for 14 gold pieces
  6561 | D:9      | Reached *** piety under Okawaru
  6809 | D:9      | Found a staircase to the Orcish Mines.
  6871 | D:9      | Found a hide-covered altar of Uskayaw.
  6873 | D:9      | Noticed a +0 hand axe
  6873 | D:9      | Noticed a +0 hand axe
  6926 | D:9      | Found an ancient bone altar of Kikubaaqudgha.
  7181 | D:10     | Entered Level 10 of the Dungeon
  7376 | D:10     | Noticed Fannar
  7410 | D:10     | HP: 1/107 [Fannar/bolt of cold (36)]
  7412 | D:10     | Slain by an ice beast

Levels and vault maps discovered:
D:1:      dpeg_arrival_boxes_within_box, layout_basic, nrook_mini_vaults
D:2:      layout_basic, first_ration, uniq_jessica, uniq_terence
D:3:      layout_basic, lemuel_crystal_altar, minmay_door_square,
          grunt_dithmenos_smoke_and_mirrors, uniq_crazy_yiuf_cottage
D:4:      layout_basic, serial_shops, shop_statue, uniq_menkaure, uniq_natasha,
          uniq_robin
D:5:      layout_cave_pools, yredelemnul_forgotten_temple_becter
D:6:      minmay_polygon_palace, layout_cave_pods, minmay_temple_entry_tees,
          serial_shops, shop, makhleb_altar_promises_db, uniq_sigmund
D:7:      layout_loops_ring, old_standard_altar
D:8:      layout_basic, overflow_temple_1_default, minmay_tree_intersection
D:9:      layout_rooms, lemuel_crystal_altar, dancing_weapons_uskayaw,
          david_orc_4, serial_shops, shop
D:10:     kennysheep_spiral_hall, layout_basic, david_lair_shrubbed, uniq_fannar
Temple:   regret_index_temple_sphere_string

Skill      XL: |  1  2  3  4  5  6  7  8  9 |
---------------+----------------------------+-----
Fighting       | 3 4 5 6 7 9 |  9.4
Unarmed Combat | 3 4 5 6 8 10 | 10.8
Dodging        | |  2.4
Shields        | |  2.6
Invocations    | |  0.8

Action                   |  1- 3 |  4- 6 |  7- 9 | 10-12 || total
-------------------------+-------+-------+-------+-------++-------
Melee: Unarmed           |    92 |   205 |   355 |   123 ||   775
  Use: Scroll            |     2 |     7 |     9 |     1 ||    19
       Potion            |       |       |       |     2 ||     2
  Eat: Chunk             |    14 |    18 |    34 |     8 ||    74
Armor: Robe              |    24 |    80 |    96 |    26 ||   226
Dodge: Dodged            |    27 |    63 |    63 |    25 ||   178
Block: Kite shield       |    44 |    84 |    95 |       ||   223
       Tower shield      |       |       |   144 |    78 ||   222

Table legend:
 A = Non-vault XP
 B = Vault XP
 C = Vault XP percentage of total XP
 D = Non-vault monster count
 E = Vault monster count
 F = Vault count percentage of total count
                 A         B        C        D         E       F
            +---------+---------+-------+---------+---------+-------
      Total |    5243 |    1991 |  27.5 |     216 |      51 |  19.1
            +---------+---------+-------+---------+---------+-------
        D:1 |      72 |       0 |   0.0 |      33 |       0 |   0.0
        D:2 |      63 |      73 |  53.7 |      21 |       2 |   8.7
        D:3 |     179 |      41 |  18.6 |      38 |       1 |   2.6
        D:4 |     632 |     245 |  27.9 |      25 |      15 |  37.5
        D:5 |     754 |       1 |   0.1 |      23 |       1 |   4.2
        D:6 |     777 |     957 |  55.2 |      15 |      18 |  54.5
        D:7 |     343 |       0 |   0.0 |       6 |       0 |   0.0
        D:8 |    1121 |       0 |   0.0 |      20 |       0 |   0.0
        D:9 |     679 |     674 |  49.8 |      14 |      14 |  50.0
       D:10 |     623 |       0 |   0.0 |      21 |       0 |   0.0
            +---------+---------+-------+---------+---------+-------
